General information
- name: Local Game
- type: Single player/Local game
- host: DONGES
- saver: DONGES
map: MeltingValley
- players: 1
- length: 22:28
- speed: Fast
- version: 1.24 W3XP
- replay type: Public
» download(113 KB)
Players
team 1 (winner)
DONGES (
red | 98 APM | 2203 actions | 22:28)
4 Blademaster
2 Wind Walk
2 Critical Strike
6 Shadow Hunter
3 Healing Wave
3 Hex
» actions
| Assign group hotkey | 14 | |
| Basic commands | 84 | |
| Build / train | 57 | |
| ESC pressed | 5 | |
| Enter build submenu | 12 | |
| Enter hero's abilities submenu | 9 | |
| Give item / drop item | 3 | |
| Right click | 1014 | |
| Select / deselect | 247 | |
| Select group hotkey | 617 | |
| Use ability | 141 | |
2203 total
» units
| Peon | 6 | |
| Grunt | 6 | |
| Raider | 6 | |
| Spirit Walker | 3 | |
| Wind Rider | 1 | |
| Kodo Beast | 1 | |
| Demolisher | 1 | |
24 total
» upgrades
| Berserker Strength | 1 | |
| Ensnare | 1 | |
| Spirit Walker Training | 2 | |
| Armor | 2 | |
| War Drums Damage Increase | 1 | |
7 total
» buildings
| Altar of Storms | 1 | |
| Orc Burrow | 6 | |
| Voodoo Lounge | 1 | |
| Barracks | 1 | |
| Stronghold | 2 | |
| War Mill | 1 | |
| Beastiary | 1 | |
| Spirit Lodge | 1 | |
| Fortress | 1 | |
15 total
» build order
00:04 Altar of Storms
00:13 Orc Burrow
00:48 Voodoo Lounge
01:20 Barracks
01:38 Orc Burrow
03:11 Stronghold
04:28 Orc Burrow
04:30 War Mill
06:09 Beastiary
06:11 Spirit Lodge
07:19 Orc Burrow
09:04 Orc Burrow
10:18 Fortress
12:38 Orc Burrow
» items
| Healing Salve | 3 | |
| Lesser Clarity Potion | 4 | |
| Boots of Speed | 1 | |
| Scroll of Town Portal | 1 | |
9 total
Chat log
(05:59 / All) DONGES: Yeah im a noob
(06:03 / All) DONGES: whatever this is just so you know what to do
(06:19 / All) DONGES: WEll
(06:22 / All) DONGES: get a shadow hunter ASAP
(06:24 / All) DONGES: after you get boots
(06:26 / All) DONGES: just after nightfall
(06:34 / All) DONGES: Then you need your beast and lodge to get up asap
(06:44 / All) DONGES: Make sure to research grunt hp, etc
(06:55 / All) DONGES: ALWAYS KEEP YOUR BLADE NEAR THEIR ARMY
(07:03 / All) DONGES: hotkey blade as #1
(07:07 / All) DONGES: army as #2
(07:23 / All) DONGES: And buidlings as 3
(08:00 / All) DONGES: carry salves
(08:02 / All) DONGES: and just chill out
(08:06 / All) DONGES: you know?
(10:32 / All) DONGES: That rune is v. important in this map
(10:59 / All) DONGES: also stay in low
(11:15 / All) DONGES: well im a noobshit
(11:17 / All) DONGES: But this is what you do
(11:24 / All) DONGES: ill fight his army
(11:28 / All) DONGES: just so you can see the fight
(11:29 / All) DONGES: but uh
(11:42 / All) DONGES: well i've sucked shit
(11:46 / All) DONGES: my blade shouldn't have died those two times
(12:03 / All) DONGES: normally i wouldnt cata
(12:13 / All) DONGES: but he's going hunts and shit
(17:09 / All) DONGES: did i lose a single unit? no
(17:14 / All) DONGES: i mean
(17:27 / All) DONGES: what do you do vs a sh that has full mana and a greater mana pot
(17:31 / All) DONGES: And spirit link
(17:42 / All) DONGES: he even outcrept me
(17:44 / All) DONGES: it ['s gay
(17:50 / All) DONGES: and look i have 1.8k gold
(17:51 / All) DONGES: 2ez
(18:05 / All) DONGES: basically
(18:11 / All) DONGES: You need to be hella good with blade
(18:17 / All) DONGES: in order to progess as orc
(18:25 / All) DONGES: This army composition
(18:30 / All) DONGES: is gonna be used in 99% of the game
(18:37 / All) DONGES: because your blade should scout him out
(18:39 / All) DONGES: the entire time
(18:43 / All) DONGES: and just hit him where he's low
(18:49 / All) DONGES: pick off units with your creeping army
(18:53 / All) DONGES: if you can get a good intercept
(19:05 / All) DONGES: (i mean when he rallys units to his creeping force, use ensnare to trap them and kill)
(19:22 / All) DONGES: lategame, getting a few WD (vs any race) and warding key chokepoints is a very good idea too
(19:35 / All) DONGES: Don't expand (usually) until you can just tiny great hall it
(19:40 / All) DONGES: buy it on your SH and then use that to expand
(19:54 / All) DONGES: it takes like 20 seconds compared to 2 minutes
(20:02 / All) DONGES: far less vulnerable
(20:15 / All) DONGES: but really
(20:20 / All) DONGES: Its grunt/raider/walker
(20:23 / All) DONGES: blade/sh
(20:26 / All) DONGES: every time
(20:33 / All) DONGES: Lategame vs UD get wyvs, but that's late late game
(20:45 / All) DONGES: and orc fuckin dominate UD
(20:58 / All) DONGES: cause after spirit link/chain heal there's nothign they can do but TP out
(21:07 / All) DONGES: you just ensnare and destroy.
(21:38 / All) DONGES: try not to get into big fights without your blade
(21:44 / All) DONGES: He's like 40% of your army
(22:00 / All) DONGES: if you see your opponent getting way more than 50 food
(22:04 / All) DONGES: ramp up to 80 food
(22:21 / All) DONGES: that's when you start needing wyvs, imo
(22:27 / All) DONGES: okie, lesson over